 Dungeon Crawl Stone Soup version 0.29.0-13-gc9e81de378 (webtiles) character file.

Game seed: 6277645610982214422

67 enile the Trooper (level 4, 0/35 HPs)
             Began as a Djinni Air Elementalist on Sept 8, 2022.
             Was a Believer of Lugonu.
             Slain by an orc wizard
             ... wielding a +0 dagger
              (3 damage)
             ... on level 2 of the Dungeon.
             The game lasted 00:01:30 (2568 turns).

enile the Trooper (Djinni Air Elementalist)         Turns: 2568, Time: 00:01:30

Health: 0/35       AC:  2    Str: 13    XL:     4   Next: 40%
Gold:   82         EV: 12    Int: 19    God:    Lugonu [**....] SH:  0 Dex: 13

rFire   + + .      SeeInvis .   p - +0 hand axe
rCold   x . .      Faith    .   (no shield)
rNeg    . . .      Spirit   .   a - +0 robe
rPois   ∞          Reflect  .   (no helmet)
rElec   .          Harm     .   (no cloak)
rCorr   .          Rampage  .   (no gloves)
Will    +....                   (boots unavailable)
Stlth   ++........              (no amulet)
HPRegen 0.11/turn               e - ring of willpower
MPRegen 0.00/turn               f - +6 ring of strength

@: flying
A: sickness immunity, fire resistance 2, cold vulnerability 1, float, innate
caster, HP casting, extra vitality 1
a: Renounce Religion, Depart the Abyss, Bend Space


You were on level 2 of the Dungeon.
You worshipped Lugonu.
Lugonu was pleased with you.
You visited 1 branch of the dungeon, and saw 3 of its levels.

You collected 82 gold pieces.

Inventory:

Hand Weapons
 p - a +0 hand axe (weapon)
Armour
 a - a +0 robe (worn)
Jewellery
 e - a ring of willpower (left hand)
 f - a +6 ring of strength (right hand)
Scrolls
 b - 2 scrolls of identify {unknown}
 c - a scroll of butterflies {unknown}
 d - a scroll of brand weapon {unknown}
 l - a scroll of teleportation {unknown}
 m - a scroll of immolation {unknown}
Potions
 g - a potion of degeneration {unknown}
 h - a potion of haste {unknown}
 i - 2 potions of attraction {unknown}
 j - 2 potions of resistance {unknown}
 k - 2 potions of curing {unknown}
 n - a potion of heal wounds
 o - a potion of cancellation {unknown}


   Skills:
 - Level 3.0 Fighting
 - Level 2.3 Dodging
 - Level 1.7 Stealth
 + Level 2.8 Spellcasting


You couldn't memorise any spells.
You knew the following spells:

 Your Spells              Type           Power      Damage    Failure   Level
a - Shock                 Conj/Air       52%        1d6       4%          1
b - Static Discharge      Conj/Air       13%        3-5/arc   8%          2
c - Swiftness             Air            13%        N/A       14%         3
d - Airstrike             Air            6%         2d(1-17)  43%         4
e - Freeze                Ice            52%        1d7       4%          1
Your spell library was empty.

Dungeon Overview and Level Annotations

Branches:
Dungeon (3/15)

Altars:
Lugonu


Innate Abilities, Weirdness & Mutations

You are immune to sickness and miasma.
You are immune to poison.
Your flesh is very heat resistant. (rF++)
You are vulnerable to cold. (rC-)
You float through the air rather than walking.
You learn spells naturally, not from books.
Your magical power is your life essence.
You have superior vitality. (+4 MHP)


Message History

You hit the orc.
You hit the orc wizard but do no damage.
The orc wizard hits you with a +0 dagger.
The orc hits you with a +0 dagger. The orc wizard barely misses you.
The orc hits you with a +0 dagger.
You closely miss the orc.
The orc is almost dead.
You closely miss the orc wizard.
The orc wizard hits you but does no damage.
The orc hits you with a +0 dagger.
You are too injured to fight recklessly!
You are too injured to fight recklessly!
You closely miss the orc.
The orc is almost dead.
You hit the orc wizard but do no damage.
The orc wizard closely misses you. The orc hits you with a +0 dagger.
Casting: Shock (safe; 4% risk of failure)
Confirm with . or Enter, or press ? or * to list all spells.
The orc wizard is struck by an arc of lightning.
The orc wizard is heavily wounded.
You are struck by an arc of lightning.
The lightning grounds out.
The orc wizard hits you with a +0 dagger.
* * * LOW HITPOINT WARNING * * *
The orc barely misses you.
The orc wizard hits you with a +0 dagger.
* * * LOW HITPOINT WARNING * * *
The orc closely misses you.
Casting: Static Discharge (safe; 8% risk of failure)
Confirm with . or Enter, or press ? or * to list all spells.
The orc is struck by an arc of lightning.
You kill the orc!
Lugonu accepts your kill.
You are struck by an arc of lightning.
* * * LOW HITPOINT WARNING * * *
The lightning grounds out.
* * * LOW HITPOINT WARNING * * *
The orc wizard hits you with a +0 dagger.
* * * LOW HITPOINT WARNING * * *
The orc wizard hits you with a +0 dagger.
You die...

#.# #.# ######### #######
#.# #.......# #.....# #.#
#.......########.....####.#
#........##................
#.....(..##..........####.#
##.......#.o.....########.#
#.......#@)...............
#.......#)##.............#
####.......#.####...#...##
#####......................
#............#+##..........
#...............#..........
#.........................<
########...................
#...# ##............###....


You could see an orc wizard.

Vanquished Creatures
  An adder (D:2)
  A dart slug (D:1)
  2 orcs (D:2)
  3 ball pythons (D:1)
  6 endoplasms
  4 giant cockroaches
  6 goblins
  5 hobgoblins
  8 jackals (D:1)
  4 bats
  3 kobolds
  2 rats
45 creatures vanquished.

Notes
Turn   | Place    | Note
-------+----------+-------------------------------------------
     0 | D:1      | enile the Djinni Air Elementalist began the quest for the
                  | Orb.
     0 | D:1      | enile set off with the following spells memorised: Shock,
                  | Static Discharge, Swiftness, Airstrike.
     0 | D:1      | Reached XP level 1. HP: 15/15 MP: 0/0
   396 | D:1      | Reached XP level 2. HP: 10/22 MP: 0/0
   400 | D:1      | Reached skill level 1 in Fighting
   764 | D:1      | Reached skill level 2 in Fighting
   764 | D:1      | Reached XP level 3. HP: 27/28 MP: 0/0
   764 | D:1      | Learned a level 1 spell: Freeze
  1246 | D:1      | Found a faded altar of an unknown god.
  1343 | D:1      | Prayed at the altar of an unknown god.
  1343 | D:1      | Became a worshipper of Lugonu the Unformed
  1343 | D:1      | Reached * piety under Lugonu
  1343 | D:1      | Reached ** piety under Lugonu
  1598 | D:2      | Reached skill level 3 in Fighting
  1598 | D:2      | Reached XP level 4. HP: 19/35 MP: 0/0
  2568 | D:2      | Slain by an orc wizard

Illustrated notes

Levels and vault maps discovered:
D:1:      dpeg_arrival_solitude, layout_rooms,
          dreamdust_ecumenical_altar_hidden_monk_grotto
D:2:      layout_basic, minmay_pentomino_s2
D:3:      layout_basic, mainiacjoe_overflow_alcove_4,
          minmay_overflow_temple_star_quad, okawaru_trees_1, serial_shops,
          nicolae_shop_hallway_plus, nicolae_square_shop, grunt_ministairs_15,
          kennysheep_generic_room_15

Skill      XL: |  1  2  3 |
---------------+----------+-----
Fighting       | 2 3 |  3.0
Dodging        | |  2.3
Stealth        | |  1.7
Spellcasting   | |  2.8

Action                   |  1- 3 |  4- 6 || total
-------------------------+-------+-------++-------
Melee: Hand axe          |       |     6 ||     6
 Cast: Shock             |    71 |    27 ||    98
       Static Discharge  |     3 |     2 ||     5
  Use: Potion            |     1 |       ||     1
Armor: Robe              |     5 |     3 ||     8
Dodge: Dodged            |    13 |     8 ||    21
